Map: King Sejong Station LE

Players

TRUE - Winner!

  • Race: Zerg Zerg

InvHarstem (Harstem)

  • Race: Protoss Protoss

Event: 2016 WCS Summer Circuit Championship (DH Montreal)

VOD

Have the link to the VOD?

Description

Time

  • Played on: Aug. 13, 2016, 11:46 a.m.
  • Length: 6:27

All games in this series

Show
View Real Time Build Order
Export as new Build Order

TRUE Zerg - Winner!

Build Orders: Hatch First 

Get SALT Encoding   

  12  0:00  Drone  
  13  0:09  Drone  
  14  0:33  Hatchery  
  13  0:37  Drone  
  14  0:45  Overlord  
  14  0:50  Extractor  
  14  0:51  Drone  
  15  1:04  Drone x2  
  17  1:22  Extractor, Drone  
  17  1:23  Spawning Pool  
  17  1:24  Drone  
  17  1:31  Drone  
  18  1:44  Drone  
  18  1:46  Drone  
  20  1:52  Drone  
  21  1:56  Drone  
  22  2:05  Hatchery  
  21  2:09  Drone  
  21  2:12  Drone  
  23  2:24  Metabolic Boost  
  23  2:27  Queen  
  25  2:32  Drone  
  25  2:36  Overlord  
  26  2:39  Drone  
  27  2:45  Drone  
  27  2:46  Overlord  
  28  2:54  Zergling x4  
  28  2:55  Zergling x2  
  28  2:58  Queen  
  33  3:00  Drone  
  33  3:03  Drone  
  35  3:10  Drone  
  35  3:11  Drone  
  36  3:20  Drone  
  36  3:22  Drone  
  37  3:30  Extractor, Roach Warren, Drone  
  37  3:33  Drone  
  37  3:39  Queen  
  37  3:40  Drone x3  
  42  3:44  Drone x2  
  44  3:51  Overlord  
  44  3:57  Drone x2  
  46  4:06  Overlord  
  46  4:11  Roach x3  
  46  4:12  Roach x2  
  46  4:15  Roach  
  58  4:22  Overlord  
  58  4:25  Zergling x4  
  58  4:26  Zergling x6  
  63  4:32  Zergling x2  
  63  4:34  Zergling x2  
  63  4:36  Zergling x2  
  65  4:39  Overlord  
  65  4:40  Overlord  
  65  4:41  Zergling x2  
  65  4:44  Zergling x4  
  65  4:45  Zergling x4  
  70  4:47  Zergling x2  
  70  4:48  Zergling x2  
  72  4:53  Zergling x2  
  72  4:54  Zergling x2  
  72  4:57  Overlord  
  72  4:58  Zergling x4  
  72  5:00  Zergling x2  
  72  5:06  Ravager x2  
  76  5:07  Ravager x2  
  76  5:08  Zergling x4  
  76  5:09  Zergling x2  
  76  5:12  Zergling x4  
  76  5:13  Zergling x2  
  83  5:14  Zergling x2  
  83  5:16  Zergling x2  
  83  5:19  Zergling x2  
  83  5:20  Zergling x2  
  87  5:22  Zergling x2  
  87  5:24  Zergling x2  
  89  5:28  Zergling x4  
  89  5:29  Zergling x2  
  89  5:31  Zergling x2  
  89  5:33  Zergling x4  
  91  5:41  Zergling x2  
  92  5:43  Zergling x4  
  92  5:44  Zergling x4  
  92  5:47  Zergling x4  
  92  5:49  Zergling x4  
  94  5:52  Zergling x2  
  94  5:54  Zergling x2  
  88  5:57  Zergling x2  
  88  5:59  Ravager  
  88  6:03  Zergling x2  
  88  6:04  Zergling x2  
  87  6:07  Zergling x2  
Show
View Real Time Build Order
Export as new Build Order

InvHarstem Protoss 

Build Orders: 1 Gate Expand 

Get SALT Encoding   

  12  0:01  Probe (Chrono Boost)  
  13  0:11  Probe (Chrono Boost)  
  14  0:18  Pylon  
  14  0:22  Probe (Chrono Boost)  
  15  0:36  Probe (Chrono Boost)  
  15  0:38  Gateway  
  16  0:46  Assimilator  
  16  0:47  Probe (Chrono Boost)  
  17  0:57  Probe (Chrono Boost)  
  18  1:18  Nexus  
  18  1:21  Probe (Chrono Boost)  
  19  1:32  Probe (Chrono Boost)  
  20  1:40  Cybernetics Core  
  20  1:44  Assimilator  
  20  1:45  Probe (Chrono Boost)  
  21  1:56  Probe (Chrono Boost)  
  21  1:57  Pylon  
  22  2:06  Probe (Chrono Boost)  
  23  2:13  Adept  
  23  2:17  Warp Gate  
  23  2:18  Probe (Chrono Boost)  
  26  2:28  Twilight Council  
  27  2:30  Probe (Chrono Boost)  
  27  2:31  Probe (Chrono Boost)  
  28  2:39  Adept  
  28  2:41  Probe (Chrono Boost)  
  28  2:42  Probe (Chrono Boost)  
  32  2:52  Probe x2 (Chrono Boost)  
  32  2:54  Resonating Glaives  
  34  3:02  Probe (Chrono Boost)  
  34  3:03  Probe (Chrono Boost)  
  36  3:11  Gateway  
  36  3:13  Probe x2 (Chrono Boost)  
  38  3:22  Adept  
  38  3:24  Probe (Chrono Boost)  
  38  3:25  Gateway  
  40  3:30  Mothership Core (Chrono Boost)  
  40  3:33  Pylon  
  41  3:36  Probe (Chrono Boost)  
  42  3:46  Adept  
  43  3:48  Probe (Chrono Boost)  
  43  3:51  Probe (Chrono Boost)  
  43  3:54  Pylon  
  47  4:04  Probe (Chrono Boost)  
  47  4:05  Probe (Chrono Boost)  
  48  4:15  Nexus  
  48  4:16  Probe (Chrono Boost)  
  49  4:19  Probe (Chrono Boost)  
  49  4:23  Adept x3  
  55  4:27  Probe (Chrono Boost)  
  55  4:30  Probe (Chrono Boost)  
  55  4:31  Pylon  
  57  4:32  Pylon  
  57  4:34  Robotics Facility  
  57  4:37  Probe (Chrono Boost)  
  57  4:42  Adept  
  57  4:43  Sentry  
  62  4:46  Probe (Chrono Boost), Assimilator  
  62  4:49  Probe (Chrono Boost)  
  62  4:51  Adept, Assimilator  
  64  5:00  Probe (Chrono Boost)  
  64  5:01  Sentry  
  64  5:02  Probe (Chrono Boost)  
  63  5:07  Adept  
  63  5:11  Probe (Chrono Boost)  
  63  5:12  Adept  
  63  5:13  Probe (Chrono Boost)  
  69  5:18  Pylon  
  69  5:21  Probe (Chrono Boost)  
  69  5:23  Probe (Chrono Boost)  
  69  5:24  Immortal  
  69  5:25  Adept  
  77  5:32  Probe (Chrono Boost)  
  77  5:34  Adept x2  
  80  5:36  Probe (Chrono Boost)  
  80  5:39  Probe (Chrono Boost)  
  78  5:48  Adept  
  78  5:49  Probe (Chrono Boost)  
  77  5:51  Gateway  
  77  5:52  Gateway  
  77  5:56  Adept x2  
  59  6:05  Probe x2 (Chrono Boost)  
  58  6:12  Sentry  
  58  6:15  Probe (Chrono Boost)  
  58  6:16  Probe (Chrono Boost)  
  56  6:19  Sentry, Adept  
Tags
 
Add a new tag
Caveats
  • Supply blocks, unpowered buildings, or Contaminate may cause inaccurate times.
  • Supply counts are checked every 10 seconds.